 Dungeon Crawl Stone Soup version 0.27.1-34-g3ba077fa99 (webtiles) character file.

Game seed: 17222288091656365982

10746 alasdair19 the Carver (level 11, -6/94 HPs)
             Began as a Minotaur Fighter on Jan 14, 2022.
             Was a High Priest of Okawaru.
             Mangled by an orc warrior (14 damage)
             ... led by an orc knight
             ... on level 2 of the Orcish Mines.
             The game lasted 00:44:14 (15347 turns).

alasdair19 the Carver (Minotaur Fighter)           Turns: 15347, Time: 00:44:16

Health: -6/94      AC: 23    Str: 23    XL:     11   Next: 40%
Magic:  15/15      EV:  6    Int:  6    God:    Okawaru [*****.]
Gold:   434        SH: 14    Dex: 10    Spells: 10/10 levels left

rFire    + + +     SeeInvis .   e - +3 falchion
rCold    + . .     Faith    .   J - +2 kite shield {rF+}
rNeg     . . .     Spirit   .   L - +2 plate armour {rF+}
rPois    .         Reflect  .   g - +1 hat
rElec    .         Harm     .   H - +2 cloak
rCorr    .         Rampage  .   s - +0 pair of gloves
Will     .....                  r - +0 pair of boots
Stlth    ..........             (no amulet)
HPRegen  0.25/turn              k - ring of protection from fire
MPRegen  0.14/turn              y - ring of protection from cold

@: about to teleport
A: horns 2, retaliatory headbutt
a: Renounce Religion, Heroism, Finesse


You were on level 2 of the Orcish Mines.
You worshipped Okawaru.
Okawaru was extremely pleased with you.
You visited 2 branches of the dungeon, and saw 13 of its levels.
You also visited: Ossuary.

You collected 1295 gold pieces.
You spent 861 gold pieces at shops.

Inventory:

Hand Weapons
 e - a +3 falchion (weapon)
 j - a +1 short sword of holy wrath
 q - a +0 hunting sling of freezing
 B - a +1 short sword of protection
Missiles
 i - 130 sling bullets
Armour
 c - a +0 kite shield
 g - a +1 hat (worn)
 m - a +2 chain mail of willpower
 r - a +0 pair of boots (worn)
 s - a +0 pair of gloves (worn)
 A - a scarf of repulsion
 H - a +2 cloak (worn)
 J - a +2 kite shield of fire resistance (worn)
 L - a +2 plate armour of fire resistance (worn)
 M - a +3 plate armour
Jewellery
 k - a ring of protection from fire (left hand)
 y - a ring of protection from cold (right hand)
 G - the ring "Ysti" {rElec rCorr EV+4 Str-4}
   (You found it on level 8 of the Dungeon)

   [ring of evasion]

   EV:        It affects your evasion (+4).
   Str:       It affects your strength (-4).
   rElec:     It insulates you from electricity.
   rCorr:     It protects you from acid and corrosion.
 K - a +6 ring of intelligence
Wands
 n - a wand of charming (12)
 E - a wand of flame (19)
 F - a wand of iceblast (9)
Scrolls
 b - 6 scrolls of teleportation
 f - 3 scrolls of enchant armour
 l - 2 scrolls of immolation {unknown}
 o - a scroll of silence
 t - 2 scrolls of torment {unknown}
 u - a scroll of blinking {unknown}
 v - a scroll of fog {unknown}
 w - a scroll of enchant weapon
 z - 2 scrolls of fear {unknown}
 C - a scroll of acquirement {unknown}
 I - a scroll of brand weapon {unknown}
Potions
 a - 8 potions of curing
 d - a potion of resistance
 h - 2 potions of haste
 p - 2 potions of flight
 x - a potion of cancellation
 D - 2 potions of invisibility


   Skills:
 + Level 7.9 Fighting
 + Level 10.7 Long Blades
 + Level 6.0(6.2) Slings
 + Level 1.3(3.7) Throwing
 + Level 9.9 Armour
 + Level 10.0 Shields
 * Level 7.9 Invocations


You had 10 spell levels left.
You didn't know any spells.
Your spell library contained the following spells:

 Spells                   Type           Power      Damage    Failure   Level
 Foxfire                  Conj/Fire      0%         2x1d4     100%        1
 Frozen Ramparts          Ice            0%         1d2       100%        3
 Stone Arrow              Conj/Erth      0%         3d7       100%        3
 Animate Armour           Summ/Erth      0%         N/A       100%        4
 Ice Form                 Ice/Tmut       0%         N/A       100%        4
 Summon Ice Beast         Ice/Summ       0%         N/A       100%        4
 Alistair's Intoxication  Tmut/Pois      0%         N/A       100%        5
 Borgnjor's Vile Clutch   Necr/Erth      0%         N/A       100%        5
 Eringya's Noxious Bog    Tmut/Pois      0%         N/A       100%        6
 Lehudib's Crystal Spear  Conj/Erth      0%         10d2      100%        8


Dungeon Overview and Level Annotations

Branches:
Dungeon (11/15)            Temple (0/1) D:7            Lair (0/6) D:9
    Orc (2/2) D:11        Ossuary (visited)
    Elf: Orc:2

Altars:
Ashenzari
Cheibriados
Dithmenos
Gozag
Kikubaaqudgha
Okawaru
Qazlal
Ru
Uskayaw
Vehumet
Wu Jian
Xom
Zin

Shops:
Orc:1 [


Innate Abilities, Weirdness & Mutations

You have a pair of horns on your head.
You reflexively headbutt those who attack you in melee.


Message History

You headbutt the orc knight!
The orc knight is moderately wounded.
The orc sorcerer gestures wildly while chanting.
You hit the orc warrior.
The orc warrior is lightly wounded.
You block the orc warrior's attack.
The orc sorcerer mumbles some strange words.
The orc knight hits you with a +1 glaive of freezing!
The orc knight freezes you.
You hit the orc warrior. Your headbutt misses the orc warrior.
The orc warrior is lightly wounded.
The orc sorcerer gestures wildly while chanting.
The orc warrior hits you but does no damage.
You block the orc knight's attack.
The orc knight hits you with a +1 glaive of freezing!
The orc knight freezes you.
Things that are here:
a +0 giant club; an ogre corpse The orc knight hits you from afar with a +1 glaive of freezing!
As you read the scroll of teleportation, it crumbles to dust.
You feel strangely unstable.
The sixfirhy hits you but does no damage.
The sixfirhy completely misses you.
The sixfirhy hits you but does no damage. x2
The sixfirhy completely misses you.
The orc knight hits you from afar with a +1 glaive of freezing.
The orc warrior barely misses you.
You feel better. The sixfirhy hits you. The sixfirhy shocks you!
* * * LOW HITPOINT WARNING * * *
The sixfirhy hits you but does no damage. x3
The orc knight hits you but does no damage.
You block the orc warrior's attack.
You closely miss the orc warrior.
The orc warrior is lightly wounded.
The orc knight hits you from afar with a +1 glaive of freezing!
* * * LOW HITPOINT WARNING * * *
The orc knight freezes you.
* * * LOW HITPOINT WARNING * * *
The orc warrior hits you with a +0 mace!
You die...

#((###...........[.###.
#..(................#..
#(..().##.......#......
##...))#####...###..[.#
##....(..#$....####....#
#...(3.(.............#.)
.<...##oo....###.....##..
..... ##33...# #.....##..
##.# #@o...# #.#...#..)
#.. ###..## ###..#.))< ##
### ####.... #.....#
##..... ##.... ##... ##..
###


You could see an orc knight, 2 sixfirhies, a neqoxec (summoned), an orc sorcerer
(strong) and an orc warrior (strong).

Vanquished Creatures
  An orc warlord (Orc:1)
  An orc sorcerer (Orc:1)
  A cyclops (D:11)
  A gargoyle (D:11)
  A komodo dragon (D:9)
  2 trolls
  A vampire (D:11)
  A shadow (D:11)
  A wyvern (D:9)
  A wraith (D:8)
  4 yaks
  2 steam dragons
  Grum (D:7)
  2 wargs
  2 acid dragons
  2 water moccasins (D:6)
  A hornet zombie (D:6)
  An ice beast (D:6)
  A black bear (D:4)
  14 orc warriors
  A necrophage (D:4)
  4 ogres
  5 centaurs
  4 wolves
  2 bullfrogs
  4 kobold brigands
  A wyvern zombie (D:9)
  3 scorpions
  A wyvern skeleton (D:7)
  A water moccasin skeleton (D:5)
  9 wights
  A bullfrog zombie (D:5)
  A crimson imp (D:6)
  3 centaur zombies
  4 hounds
  A jelly (D:6)
  10 orc priests
  2 centaur skeletons
  Jessica (D:2)
  Terence (D:3)
  2 iguanas (D:7)
  7 orc wizards
  A killer bee zombie (D:9)
  13 mummies (Ossuary)
  A howler monkey zombie (D:6)
  Robin (D:2)
  7 gnolls (D:2)
  9 adders
  A howler monkey skeleton (D:7)
  A shadow imp (D:7)
  2 white imps
  4 worms
  6 dart slugs
  58 orcs
  8 ball pythons
  12 endoplasms
  2 giant cockroaches (D:2)
  18 goblins
  14 hobgoblins
  8 jackals
  23 kobolds
  2 quokkas
  6 bats
  A frilled lizard (D:3)
  6 gnoll skeletons (Ossuary)
  A goblin skeleton (Ossuary)
  An orc skeleton (Ossuary)
  6 rats
  11 rat skeletons (Ossuary)
332 creatures vanquished.

Vanquished Creatures (others)
  4 fungi (D:9)
  5 plants (D:9)
9 creatures vanquished.

Grand Total: 341 creatures vanquished

Notes
Turn   | Place    | Note
-------+----------+-------------------------------------------
     0 | D:1      | alasdair19 the Minotaur Fighter began the quest for the
                  | Orb.
     0 | D:1      | Reached XP level 1. HP: 19/19 MP: 0/0
    66 | D:1      | Reached XP level 2. HP: 26/27 MP: 1/1
   578 | D:1      | Reached XP level 3. HP: 25/33 MP: 2/2
   879 | D:1      | You fall into a shaft and drop 1 floor!
  1001 | D:2      | Noticed Jessica
  1009 | D:2      | Killed Jessica
  1010 | D:2      | Reached XP level 4. HP: 24/40 MP: 3/3
  1177 | D:2      | Found an iron altar of Okawaru.
  1177 | D:2      | Noticed Robin
  1188 | D:2      | Killed Robin
  1405 | D:2      | Became a worshipper of Warmaster Okawaru
  1532 | D:2      | Reached XP level 5. HP: 12/46 MP: 4/4
  2050 | D:1      | Found a faded altar of an unknown god.
  2056 | D:1      | Got Plato's Volume of Heat
  2312 | D:2      | Reached skill level 1 in Slings
  2757 | D:2      | Reached skill level 1 in Invocations
  3274 | D:3      | Noticed Terence
  3277 | D:3      | Killed Terence
  3278 | D:3      | Reached skill level 1 in Throwing
  3278 | D:3      | Reached XP level 6. HP: 53/53 MP: 5/5
  3843 | D:4      | Reached skill level 5 in Armour
  3850 | D:4      | Reached * piety under Okawaru
  3851 | D:4      | Reached skill level 5 in Shields
  3856 | D:4      | Reached XP level 7. HP: 37/60 MP: 7/7
  4025 | D:4      | Found a hide-covered altar of Uskayaw.
  4171 | D:4      | Found a stormy altar of Qazlal.
  4424 | D:4      | Found a broken altar of Ashenzari.
  4428 | D:4      | Saw a vision of the Shoals and the Spider Nest.
  4428 | D:4      | Noticed a redback
  4428 | D:4      | Noticed a redback
  4428 | D:4      | Noticed a sea snake
  4428 | D:4      | Noticed a sea snake
  4428 | D:4      | Noticed a merfolk
  4428 | D:4      | Noticed a wolf spider
  4428 | D:4      | Noticed a merfolk
  4428 | D:4      | Noticed a wolf spider
  4428 | D:4      | Noticed a wolf spider
  4428 | D:4      | Noticed a merfolk
  4428 | D:4      | Noticed a merfolk siren
  4428 | D:4      | Noticed a redback
  4429 | D:4      | Noticed a wind drake
  4429 | D:4      | Noticed a redback
  4479 | D:5      | Entered Level 5 of the Dungeon
  4501 | D:5      | Reached skill level 5 in Long Blades
  4561 | D:5      | Found a sand-covered staircase.
  4570 | Ossuary  | Entered an ossuary
  4839 | Ossuary  | Reached skill level 5 in Fighting
  5141 | D:5      | Reached XP level 8. HP: 65/68 MP: 9/9
  5181 | D:5      | Reached ** piety under Okawaru
  5684 | D:5      | Identified the +0 scale mail of Mental Paralysis {Rampage
                  | Int+5 Stlth+}
  6245 | D:6      | Identified the +12 quarterstaff "Zeghy" {speed, Str-4
                  | Dex+6}
  6353 | D:6      | Found an opulent altar of Gozag.
  6949 | D:7      | Reached XP level 9. HP: 74/74 MP: 11/11
  7194 | D:7      | Reached *** piety under Okawaru
  7678 | D:7      | Found a staircase to the Ecumenical Temple.
  7823 | D:7      | Reached skill level 5 in Slings
  8029 | D:8      | Reached skill level 5 in Invocations
  8031 | D:8      | Noticed Grum
  8413 | D:7      | Killed Grum
  8787 | D:8      | Found a sacrificial altar of Ru.
  8870 | D:8      | Found a glowing silver altar of Zin.
  8999 | D:8      | Identified the ring "Ysti" {rElec rCorr EV+4 Str-4}
  9139 | D:8      | Found an ornate altar of the Wu Jian Council.
  9300 | D:9      | Found a radiant altar of Vehumet.
  9576 | D:8      | Received a gift from Okawaru
  9876 | D:9      | Noticed a komodo dragon
  9902 | D:9      | Reached XP level 10. HP: 78/84 MP: 13/13
 10127 | D:9      | Found a staircase to the Lair.
 10253 | D:9      | Reached **** piety under Okawaru
 10699 | D:9      | You fall into a shaft and drop 2 floors!
 10701 | D:11     | Noticed a gargoyle
 10709 | D:11     | Killed a gargoyle
 10874 | D:11     | Noticed a cyclops
 10886 | D:11     | Killed a cyclops
 11115 | D:10     | Entered Level 10 of the Dungeon
 11270 | D:10     | Found a shimmering altar of Xom.
 11545 | D:10     | Found an ancient bone altar of Kikubaaqudgha.
 11546 | D:10     | Found a shadowy altar of Dithmenos.
 11668 | D:10     | Found a snail-covered altar of Cheibriados.
 11926 | D:11     | Found a staircase to the Orcish Mines.
 12358 | D:11     | Reached skill level 10 in Long Blades
 12958 | Orc:1    | Entered Level 1 of the Orcish Mines
 13142 | Orc:1    | Found Elaar's Armour Shop.
 13150 | Orc:1    | Bought a +2 kite shield of fire resistance for 301 gold
                  | pieces
 13150 | Orc:1    | Bought a +2 plate armour of fire resistance for 560 gold
                  | pieces
 13513 | Orc:1    | Noticed an orc warlord
 13551 | Orc:1    | Killed an orc warlord
 13551 | Orc:1    | Received a gift from Okawaru
 13552 | Orc:1    | Reached XP level 11. HP: 45/92 MP: 15/15
 13558 | Orc:1    | Reached ***** piety under Okawaru
 14445 | Orc:1    | Noticed an orc sorcerer
 14464 | Orc:1    | Killed an orc sorcerer
 14922 | Orc:2    | Entered Level 2 of the Orcish Mines
 14931 | Orc:2    | Reached skill level 10 in Shields
 14942 | Orc:1    | Received a gift from Okawaru
 15317 | Orc:2    | Noticed an orc knight
 15336 | Orc:2    | Noticed an orc sorcerer
 15341 | Orc:2    | Noticed a sixfirhy
 15341 | Orc:2    | Noticed a sixfirhy
 15347 | Orc:2    | Mangled by an orc warrior

Illustrated notes

Levels and vault maps discovered:
D:1:      dpeg_arrival_tiny_j, layout_basic,
          shapermc_ecumenical_altar_rom_forum, hangedman_abyss_or_decor_stabs,
          st_stairs_11, minmay_misc_feat_five, corexii_leaking_fountain,
          skrybe_limestone_x
D:2:      layout_basic, basic_altar, uniq_jessica, uniq_robin
D:3:      layout_basic, uniq_terence
D:4:      layout_cave_pools, grunt_ashenzari_visionary
          [grunt_ashenzari_visionary_shoals, grunt_ashenzari_visionary_spider],
          overflow_temple_1_default, amcnicky_altar_gilded
D:5:      layout_loops_corners, nicolae_ossuary_entry_ruins,
          corexii_hall_statues_t
D:6:      layout_cave_pools, nicolae_gozag_cash_rules_everything_around_me,
          minmay_fire_ice_demons
D:7:      layout_cave_pools, minmay_temple_entry_glassed_door
D:8:      layout_loops_ring, nicolae_overflow_crystal_walls, old_standard_altar,
          mainiacjoe_overflow_paths, uniq_grum
D:9:      layout_long_grid, vehumet_crystals, grunt_lair_entry_orc_guard_hut,
          kennysheep_nondescript
D:10:     layout_gridville, mainiacjoe_overflow_concentric_impassable,
          xom_teletrap_fun, mainiacjoe_overflow_divided_tiny
D:11:     layout_loops_corners, david_orc_2
Orc:1:    layout_diamond_mine, serial_shops, shop_fountains
Orc:2:    kennysheep_orc_mage_school, layout_diamond_mine, abandoned_shop,
          nicolae_orc_lost_temple, uniq_nessos

Skill      XL: |  1  2  3  4  5  6  7  8  9 10 11 |
---------------+----------------------------------+-----
Armour         | 4 5 6 8 9 |  9.9
Shields        | 4 5 6 8 9 10 | 10.0
Fighting       | 4 5 6 7 |  7.9
Long Blades    | 3 4 5 7 8 10 | 10.7
Slings         | 1 3 4 5 6 |  6.0
Invocations    | 1 2 3 4 5 7 |  7.9
Throwing       | 1 |  1.3

Action                   |  1- 3 |  4- 6 |  7- 9 | 10-12 || total
-------------------------+-------+-------+-------+-------++-------
Melee: Long sword        |    74 |   106 |       |       ||   180
       Headbutt          |    13 |    24 |   117 |   111 ||   265
       Falchion          |       |    20 |   550 |   499 ||  1069
 Fire: Hunting sling     |       |    71 |    65 |    44 ||   180
Invok: Heroism           |       |       |       |     3 ||     3
  Use: Scroll            |     2 |     3 |    10 |     6 ||    21
       Potion            |       |       |     3 |     4 ||     7
Armor: Scale mail        |    39 |    22 |       |       ||    61
       Chain mail        |       |    55 |   315 |   102 ||   472
       Plate armour      |       |       |       |   103 ||   103
Dodge: Dodged            |    39 |    37 |   165 |    74 ||   315
Block: Kite shield       |    46 |    83 |   338 |   235 ||   702
       Rpst.: Long sword |     9 |     3 |       |       ||    12
       Falchion          |       |     2 |    47 |    25 ||    74
